 Dungeon Crawl Stone Soup version 0.30.0-19-g36f170ea60 (webtiles) character file.

Game seed: 17847566598814535043

263 jasper the Grave Robber (level 5, -3/35 HPs)
             Began as a Demonspawn Necromancer on May 26, 2023.
             Slain by Grinder (5 damage)
             ... on level 3 of the Dungeon.
             The game lasted 00:05:33 (3140 turns).

jasper the Grave Robber (Demonspawn Necromancer)    Turns: 3140, Time: 00:05:34

Health: -3/35      AC:  9    Str:  8    XL:     5   Next: 98%
Magic:  10/10      EV: 12    Int: 18    God:
Gold:   145        SH:  0    Dex: 14    Spells: 3/11 levels left

rFire   . . .        l - +4 quarterstaff (chaos)
rCold   . . .        (shield currently unavailable)
rNeg    . . .        a - +0 robe
rPois   .            h - +2 hat
rElec   .            m - +0 cloak
rCorr   .            (no gloves)
SInv    .            (no boots)
Will    .....        (no amulet)
Stlth   ++           j - +4 ring of protection
HPRegen 0.25/turn    (no ring)
MPRegen 0.12/turn

%: no passive effects
@: no status effects
A: horns 1, foul stench 2
a: no special abilities


You were on level 3 of the Dungeon.
You visited 1 branch of the dungeon, and saw 3 of its levels.

You collected 145 gold pieces.

Inventory:

Hand Weapons
 c - a +0 short sword
 k - a +0 trident
 l - a +4 quarterstaff of chaos (weapon)
Armour
 a - a +0 robe (worn)
 h - a +2 hat (worn)
 m - a +0 cloak (worn)
Jewellery
 i - an amulet of faith
 j - a +4 ring of protection (left hand)
Wands
 b - a wand of roots (3)
Scrolls
 f - a scroll of enchant weapon {unknown}
 p - a scroll of identify
Potions
 d - 2 potions of mutation
 e - 2 potions of degeneration
 g - a potion of flight
 n - a potion of attraction {unknown}
 o - a potion of curing {unknown}
 q - a potion of haste {unknown}


   Skills:
 - Level 1.7 Dodging
 - Level 1.7 Stealth
 + Level 3.7 Spellcasting
 - Level 7.0 Necromancy


You had 3 spell levels left.
You knew the following spells:

 Your Spells              Type           Power      Damage    Failure   Level
a - Necrotise             Necr           100%       1d9       1%          1
b - Vampiric Draining     Necr           28%        2d8       2%          3
c - Animate Dead          Necr           28%        N/A       9%          4

Your spell library contained the following spells:

 Spells                   Type           Power      Damage    Failure   Level
 Stone Arrow              Conj/Erth      6%         3d7       41%         3
 Agony                    Necr           28%        N/A       24%         5
 Animate Armour           Summ/Erth      6%         N/A       83%         4
 Lehudib's Crystal Spear  Conj/Erth      1%         10d2      100%        8


Dungeon Overview and Level Annotations

Branches:
Dungeon (3/15)

Altars:

Annotations:
D:3 Grinder


Innate Abilities, Weirdness & Mutations

You have a pair of small horns on your head.
You sometimes emit foul miasma when damaged in melee.


Message History

Grinder is moderately wounded.
Grinder blinks!
Aiming: Fastroot
Press: ? - help, Shift-Dir - straight line, f - Grinder
Aim: Grinder (moderately wounded)
The roots erupt in riotous growth!
Roots grab Grinder.
The grasping roots constrict Grinder.
You hear a shout! x2
Grinder struggles to escape constriction.
The grasping roots constrict Grinder.
The roots release their grip on Grinder.
Aiming: Fastroot
Press: ? - help, Shift-Dir - straight line, f/p - Grinder
Aim: Grinder (heavily wounded)
The roots erupt in riotous growth!
Roots grab Grinder.
The grasping roots constrict Grinder.
You hear a shout!
Grinder says, "There's only one good use for a tongue: cutting it out."
Grinder struggles to escape constriction.
The grasping roots constrict Grinder.
The roots release their grip on Grinder.
Grinder gestures at you.
You barely resist.
Aiming: Fastroot
Press: ? - help, Shift-Dir - straight line, f/p - Grinder
Aim: Grinder (severely wounded)
The roots erupt in riotous growth!
Roots grab Grinder.
The grasping roots constrict Grinder.
You hear a shout!
Grinder gestures at you. Pain shoots through your body!
You take 13 damage, and have 11/35 hp.
MASSIVE DAMAGE!!
Okay, then.
The grasping roots constrict Grinder.
Grinder hits you!
* * * LOW HITPOINT WARNING * * *
You writhe in agony.
You die...

... ............##.##...
....##..................
...................#....
.......)................
..#............##..##...
...........#.#.##.......
........................
+#......5#.#.####..##..
#......@#.............
####......#......##.
##.........)...
####..##.....#
#†......#.#.
#...##......
####.........#.
.........?.......
..........####...


You could see Grinder (rooted).

Vanquished Creatures
  Crazy Yiuf (D:2)
  Natasha (thrice) (D:2)
  An orc wizard (D:2)
  Robin (D:2)
  6 adders
  2 dart slugs
  3 orcs (D:2)
  3 endoplasms
  3 giant cockroaches
  9 goblins
  10 hobgoblins
  4 quokkas
  3 ball pythons
  6 bats
  4 frilled lizards
  4 kobolds
  4 rats
67 creatures vanquished.

Vanquished Creatures (collateral kills)
  A kobold (D:1)
1 creature vanquished.

Grand Total: 68 creatures vanquished

Notes
Turn   | Place    | Note
-------+----------+-------------------------------------------
     0 | D:1      | jasper the Demonspawn Necromancer began the quest for the
                  | Orb.
     0 | D:1      | Reached XP level 1. HP: 13/13 MP: 3/3
   297 | D:1      | Gained mutation: You may rarely emit foul miasma when
                  | damaged in melee. [demonic ancestry]
   297 | D:1      | Reached XP level 2. HP: 19/19 MP: 0/5
   448 | D:1      | Reached skill level 5 in Necromancy
  1335 | D:2      | Noticed Natasha
  1344 | D:2      | Killed Natasha
  1345 | D:2      | Gained mutation: You sometimes emit foul miasma when
                  | damaged in melee. [demonic ancestry]
  1345 | D:2      | Reached XP level 3. HP: 4/24 MP: 0/6
  1464 | D:2      | Reached skill level 6 in Necromancy
  1613 | D:2      | Found a runed translucent door.
  1614 | D:2      | Noticed Crazy Yiuf
  1759 | D:2      | Learned a level 3 spell: Vampiric Draining
  1805 | D:2      | Gained mutation: You have a pair of small horns on your
                  | head. [demonic ancestry]
  1805 | D:2      | Reached XP level 4. HP: 30/30 MP: 4/7
  1823 | D:2      | Noticed Natasha
  1828 | D:2      | Killed Natasha
  1925 | D:2      | Noticed Natasha
  1936 | D:2      | Killed Natasha
  2107 | D:2      | Reached skill level 7 in Necromancy
  2107 | D:2      | Reached XP level 5. HP: 26/35 MP: 4/8
  2122 | D:2      | Learned a level 4 spell: Animate Dead
  2463 | D:2      | Noticed Robin
  2511 | D:2      | Killed Robin
  2823 | D:2      | Killed Crazy Yiuf
  2976 | D:3      | Found a faded altar of an unknown god.
  3118 | D:3      | Noticed Grinder
  3125 | D:3      | Paralysed by Grinder for 5 turns
  3140 | D:3      | Slain by Grinder

Illustrated notes

Levels and vault maps discovered:
D:1:      psy_arrival_spokes, layout_basic
D:2:      layout_loops_corners, uniq_robin, uniq_natasha,
          uniq_crazy_yiuf_cottage
D:3:      layout_basic, hellmonk_ecumenical_altar_pennies_from_heaven,
          uniq_grinder, uniq_sigmund

Skill      XL: |  1  2  3  4  5 |
---------------+----------------+-----
Necromancy     | 5 6 7 |  7.0
Spellcasting   | 3 |  3.7
Dodging        | |  1.7
Stealth        | |  1.7

Action                     |  1- 3 |  4- 6 || total
---------------------------+-------+-------++-------
  Melee: Short sword       |     2 |    60 ||    62
         Headbutt          |       |    11 ||    11
         Quarterstaff      |       |     4 ||     4
         Trident           |       |     1 ||     1
   Cast: Necrotise         |    56 |    43 ||    99
         Vampiric Draining |       |     9 ||     9
  Evoke: Wand              |       |     4 ||     4
    Use: Scroll            |     1 |     2 ||     3
         Potion            |       |     1 ||     1
 Armour: Robe              |     3 |    24 ||    27
  Dodge: Dodged            |     9 |    46 ||    55
